 Dungeon Crawl Stone Soup version 0.28.0 (webtiles) character file.

Game seed: 5198731019664943735

212 Colgate the Covert (level 5, -6/27 HPs)
             Began as a Spriggan Delver on Feb 5, 2022.
             Was an Initiate of Dithmenos.
             Mangled by Harold (11 damage)
             ... on level 7 of the Dungeon.
             The game lasted 00:03:28 (280 turns).

Colgate the Covert (Spriggan Delver)                 Turns: 280, Time: 00:03:29

Health: -6/27      AC:  2    Str:  8    XL:     5   Next: 58%
Magic:  6/6        EV: 17    Int: 12    God:    Dithmenos [......]
Gold:   0          SH:  0    Dex: 18    Spells: 4/4 levels left

rFire   . . .      SeeInvis +   a - +0 short sword
rCold   . . .      Faith    .   (no shield)
rNeg    . . .      Spirit   .   b - +0 robe
rPois   .          Reflect  .   (helmet restricted)
rElec   .          Harm     .   (no cloak)
rCorr   .          Rampage  .   (gloves unavailable)
Will    .....                   (boots unavailable)
Stlth   +++++.....              (no amulet)
HPRegen 0.09/turn               (no ring)
MPRegen 0.10/turn               (no ring)

@: very quick
A: very small, no large weapons, unfitting armour, see invisible, speed 3
a: Renounce Religion


You were on level 7 of the Dungeon.
You worshipped Dithmenos.
Dithmenos was noncommittal.
You visited 2 branches of the dungeon, and saw 4 of its levels.

Inventory:

Hand Weapons
 a - a +0 short sword (weapon)
Armour
 b - a +0 robe (worn)
 d - a +0 ring mail
Wands
 g - a wand of digging (3)
Scrolls
 c - a scroll of fog
Potions
 f - a potion of haste


   Skills:
 + Level 2.4 Fighting
 + Level 2.1 Short Blades
 + Level 2.6 Dodging
 + Level 11.3 Stealth


You had 4 spell levels left.
You didn't know any spells.
Your spell library was empty.

Dungeon Overview and Level Annotations

Branches:
Dungeon (7/15)             Temple (1/1) D:5

Altars:
Ashenzari
Dithmenos
Fedhas
Gozag
Kikubaaqudgha
Makhleb
Qazlal
Ru
Sif Muna
Trog
Uskayaw
Vehumet
Wu Jian
Xom
Yredelemnul
The Shining One

Annotations:
D:7 Harold


Innate Abilities, Weirdness & Mutations

You are very small and have problems with some larger weapons.
You are too small for most types of armour.
You have supernaturally acute eyesight. (SInv)
You cover ground extremely quickly. (Speed+++)


Message History

You see here a howler monkey corpse.
There is a stone staircase leading down here.
You climb downwards.
You hear the sound of rushing water.
There is an entrance to a sewer on this level.
Hurry and find it before the portal rusts away!
There is a stone staircase leading up here.
Unknown command.
Found a stone staircase leading down.
Found 21 stones and a fizzy silvery potion.
A white imp comes into view.
Found a small steel amulet, a falchion and 15 gold pieces.
The helpless white imp fails to defend itself.
You perforate the white imp like a sieve!!!
You kill the white imp!
Dithmenos accepts your kill.
A white imp comes into view.
Found a fuming brown potion and a robe.
The white imp shouts!
You hit the white imp but do no damage. The white imp hits you.
The white imp freezes you.
You hit the white imp.
The white imp is moderately wounded.
The white imp barely misses you.
You hit the white imp.
The white imp is moderately wounded.
The white imp hits you. The white imp freezes you.
The white imp gestures at you. The puff of frost misses you.
The white imp gestures at you. The puff of frost hits you.
* * * LOW HITPOINT WARNING * * *
There is a stone staircase leading down here.
You climb downwards.
Found a jewelled mace.
There is a stone staircase leading up here.
The helpless Harold fails to defend himself.
You impale Harold!!
Harold is moderately wounded.
Harold hits you with a +0 halberd!
You die... ############## #)....<.@@...# #.##########.#

You could see Harold.

Vanquished Creatures
  2 ogres (D:5)
  A howler monkey (D:5)
  A white imp (D:6)
4 creatures vanquished.

Notes
Turn   | Place    | Note
-------+----------+-------------------------------------------
     0 | D:5      | Colgate the Spriggan Delver began the quest for the Orb.
     0 | D:5      | Reached XP level 1. HP: 11/11 MP: 2/2
    12 | D:5      | Found a staircase to the Ecumenical Temple.
    13 | D:5      | Noticed an orc wizard
    21 | D:5      | Noticed an ogre
    23 | D:5      | Killed an ogre
    24 | D:5      | Reached skill level 9 in Stealth
    24 | D:5      | Reached XP level 2. HP: 16/16 MP: 3/3
    24 | D:5      | Reached XP level 3. HP: 19/19 MP: 4/4
    24 | D:5      | Reached XP level 4. HP: 23/23 MP: 5/5
    25 | D:5      | Noticed an ogre
    29 | D:5      | Noticed a black bear
    32 | D:5      | Killed an ogre
    33 | D:5      | Reached skill level 10 in Stealth
    33 | D:5      | Reached XP level 5. HP: 27/27 MP: 6/6
    36 | D:5      | Found a blossoming altar of Fedhas.
   107 | Temple   | Entered the Ecumenical Temple
   202 | Temple   | Became a worshipper of Dithmenos the Shadowed
   241 | D:5      | Reached skill level 11 in Stealth
   277 | D:7      | Noticed Harold
   280 | D:7      | Mangled by Harold

Illustrated notes

Levels and vault maps discovered:
D:5:      layout_rooms, mainiacjoe_overflow_paths,
          mainiacjoe_overflow_surrounded_room, minmay_temple_entry_stoned_glass,
          chequers_jeans
D:6:      layout_basic, serial_shops, nicolae_shop_statue_plus,
          gup_sewer_entry_spiral, uniq_duvessa, uniq_blork_the_orc
D:7:      layout_basic, kennysheep_generic_room_5, uniq_menkaure, uniq_harold
Temple:   eino_wide_crystal_templ

Skill      XL: |  1  2  3  4  5 |
---------------+----------------+-----
Stealth        | 9 10 11 | 11.3
Fighting       | |  2.4
Short Blades   | |  2.1
Dodging        | |  2.6

Action                   |  1- 3 |  4- 6 || total
-------------------------+-------+-------++-------
Melee: Short sword       |     1 |     7 ||     8
  Use: Scroll            |     1 |     1 ||     2
 Stab: Sleeping          |     1 |     4 ||     5
Dodge: Dodged            |       |     6 ||     6
